 Dungeon Crawl Stone Soup version 0.28.0-53-g5a82cb258f (webtiles) character file.

Game seed: 8824854884260870561

22 XVortexX the Ruffian (level 2, -1/25 HPs)
             Began as a Naga Transmuter on July 29, 2022.
             Splashed by a jelly's acid (5 damage)
             ... on level 4 of the Dungeon on July 30, 2022.
             The game lasted 00:32:30 (909 turns).

XVortexX the Ruffian (Naga Transmuter)               Turns: 909, Time: 00:32:30

Health: -1/25      AC:  1    Str: 12    XL:     2   Next: 91%
Magic:  0/1        EV:  3    Int: 13    God:
Gold:   23         SH:  0    Dex: 11    Spells: 4/5 levels left

rFire   . . .      SeeInvis +   g - +1 dagger (antimagic)
rCold   . . .      Faith    .   (no shield)
rNeg    . . .      Spirit   .   m - +0 chain mail
rPois   +          Reflect  .   (no helmet)
rElec   .          Harm     .   (no cloak)
rCorr   .          Rampage  .   b - +0 pair of gloves
Will    .....                   (no barding)
Stlth   ..........              (no amulet)
HPRegen 0.08/turn               (no ring)
MPRegen 0.07/turn               (no ring)

@: short of breath, corroded, very slightly contaminated, very slow
A: AC +0, large, see invisible, deformed body, poison resistance, slowness 2,
spit poison 1, naga tail 1
a: Spit Poison


You were on level 4 of the Dungeon.
You visited 1 branch of the dungeon, and saw 4 of its levels.

You collected 23 gold pieces.

Inventory:

Hand Weapons
 g - a +1 antimagic dagger (weapon)
 i - a +0 whip
 k - a +0 dagger
 n - a +0 dagger
Missiles
 h - 18 stones (quivered)
 o - 22 arrows
Armour
 a - a +0 robe
 b - a +0 pair of gloves (worn)
 m - a +0 chain mail (worn)
Wands
 f - a wand of paralysis (6)
Scrolls
 d - 2 scrolls of silence {unknown}
 j - 2 scrolls of magic mapping {unknown}
Potions
 c - a potion of mutation {unknown}
 e - 2 potions of attraction {unknown}
 l - a potion of curing {unknown}


   Skills:
 + Level 1.0 Fighting
 + Level 0.4 Short Blades
 + Level 0.1 Armour
 + Level 1.8 Dodging
 + Level 3.3 Unarmed Combat
 + Level 2.3 Spellcasting
 + Level 2.0 Transmutations


You had 4 spell levels left.
You knew the following spells:

 Your Spells              Type           Power      Damage    Failure   Level
a - Beastly Appendage     Tmut           12%        N/A       99%         1

Your spell library contained the following spells:

 Spells                   Type           Power      Damage    Failure   Level
 Wereblood                Tmut           6%         N/A       100%        2
 Spider Form              Tmut/Pois      4%         N/A       100%        3
 Tukima's Dance           Hex            1%         N/A       100%        3
 Ice Form                 Ice/Tmut       4%         N/A       100%        4
 Passage of Golubria      Tloc           1%         N/A       100%        4
 Yara's Violent Unravell  Hex/Tmut       2%         3d3       100%        5


Dungeon Overview and Level Annotations

Branches:
Dungeon (4/15)
 Temple: D:4-7

Altars:
Uskayaw

Annotations:
D:3 1 transporter, DemonSlayer's ghost, amateur DsFE


Innate Abilities, Weirdness & Mutations

Your serpentine skin is tough. (AC +0)
You have supernaturally acute eyesight. (SInv)
Armour fits poorly on your strangely shaped body.
Your system is resistant to poisons. (rPois)
You cover ground very slowly.
You can spit poison.
You have a snake-like lower body.


Message History

The endoplasm hits you but does no damage.
You hit the endoplasm.
The endoplasm is severely wounded.
You have got your breath back.
The endoplasm hits you but does no damage.
Aiming: Spit Poison (2% risk of failure)
Press: ? - help, Shift-Dir - straight line, f/p - endoplasm
Aim: an endoplasm (severely wounded, 97% to hit)
The splash of poison hits the endoplasm.
You kill the endoplasm!
Your magical contamination has completely faded away.
You have got your breath back.
Found a scroll labelled HOHUBR ELOMMICH.
j - 2 scrolls labelled HOHUBR ELOMMICH (gained 1)
Found a stone staircase leading down.
There is a stone staircase leading down here.
You climb downwards.
The ball python hisses angrily.
Found a ring mail, a scroll labelled ASTEEZEOLE and 21 arrows.
Found two stone staircases leading down.
There is a stone staircase leading up here.
A ball python is nearby!
A jelly comes into view.
The jelly quivers.
Aiming: Spit Poison (2% risk of failure)
Press: ? - help, Shift-Dir - straight line, f - ball python
Aim: a ball python (54% to hit)
The splash of poison hits the ball python.
You kill the ball python!
Okay, then.
Casting: Beastly Appendage (safe; 99% risk of failure)
Confirm with . or Enter, or press ? or * to list all spells.
You miscast Beastly Appendage.
You are very lightly contaminated with residual magic.
Nothing appears to happen.
The jelly barely misses you.
You hit the jelly.
Your hands burn!
* * * LOW HITPOINT WARNING * * *
The jelly is lightly wounded.
You hit the jelly. The acid corrodes you!
Your hands burn!
You die...

#########.##
.....#.....##
.......>....(## .
..............##..
........?.........
.............>.##.
..................
........@J........
.............[....
.....#<....#.....
.### ###.### ....
#.# ... #.. ..
.... . ..## #.#


You could see a jelly.

Vanquished Creatures
  An adder (D:3)
  A ball python (D:4)
  2 endoplasms (D:3)
  2 giant cockroaches
  A hobgoblin (D:3)
  4 kobolds
11 creatures vanquished.

Notes
Turn   | Place    | Note
-------+----------+-------------------------------------------
     0 | D:1      | XVortexX the Naga Transmuter began the quest for the Orb.
     0 | D:1      | Reached XP level 1. HP: 18/18 MP: 3/3
   528 | D:2      | Found a hide-covered altar of Uskayaw.
   545 | D:3      | Noticed a centaur
   547 | D:3      | Noticed a sky beast
   548 | D:3      | Found a transporter.
   548 | D:3      | Noticed DemonSlayer's ghost (amateur DsFE)
   619 | D:3      | Reached XP level 2. HP: 18/25 MP: 0/5
   909 | D:4      | Splashed by a jelly's acid

Illustrated notes

Levels and vault maps discovered:
D:1:      dpeg_arrival_simpleton_c, layout_basic,
          hellmonk_ecumenical_altar_prayer_group
D:2:      layout_basic, basic_altar, grunt_ministairs_10, kennysheep_doodads,
          st_stairs_2
D:3:      layout_loops_ring, gammafunk_ghost_arena, uniq_sigmund
D:4:      layout_rooms, minmay_temple_entry_slanted, serial_shops, shop,
          minmay_fractal_squares_gapless_5

Action                   || total
-------------------------++-------
Melee: Dagger            ||    37
       Unarmed           ||     6
       Headbutt          ||     1
       Punch             ||     1
 Cast: Beastly Appendage ||     2
 Abil: Spit Poison       ||    14
Armor: Robe              ||    16
       Chain mail        ||    12
Dodge: Dodged            ||    16
